 Dungeon Crawl Stone Soup version 0.15-a0-734-g2b8d6ef (webtiles) character file.

61569 4tharraofdagon the Anemomancer (level 14, 0/76 HPs)
             Began as a High Elf Air Elementalist on May 11, 2014.
             Was the Champion of Vehumet.
             Slain by a sun demon (9 damage)
             ... summoned by an orc high priest
             ... on Level 4 of the Orcish Mines.
             The game lasted 01:52:38 (10697 turns).

4tharraofdagon the Anemomancer (HEAE)              Turns: 10697, Time: 01:52:38

HP   0/76        AC 13     Str  7      XL: 14   Next: 61%
MP   6/37        EV 10     Int 35      God: Vehumet [******]
Gold 1333        SH  8     Dex 16      Spells: 11 memorised,  2 levels left

rFire  + . .     SeeInvis .     e - -2,+3 cutlass of the Final Decision {flame, rN+ Int+4}
rCold  x . .     Clarity  .     l - +1 troll leather armour
rNeg   + . .     Conserve .     A - +0 buckler {rPois}
rPois  +         rCorr    .     y - +0 helmet {Int+3}
rElec  .         rRot     .     u - +2 cloak {MR+}
SustAb . .       Spirit   .     f - +0 pair of gloves {archery}
rMut   .         Warding  .     Y - +1 pair of boots
Gourm  +         Stasis   .     G - amulet of the gourmand
MR     ++...                    M - ring of wizardry
                                r - ring of Fateox {Fire Int+3}

@: repel missiles, very resistant to hostile enchantments, unstealthy
A: shaggy fur 1
a: Renounce Religion


You were on level 4 of the Orcish Mines.
You worshipped Vehumet.
Vehumet was exalted by your worship.
You were very full.

You visited 4 branches of the dungeon, and saw 26 of its levels.
You also visited: Sewer, Bailey and Volcano.

You collected 3675 gold pieces.
You spent 2342 gold pieces at shops.

Inventory:

Hand weapons
 e - the -2,+3 cutlass of the Final Decision (weapon) {flame, rN+ Int+4}
   (You found it on level 8 of the Lair of Beasts)

   It emits flame when wielded, causing extra injury to most foes and up to
   double damage against particularly susceptible opponents.
   Big, fiery blades are also staple armaments of hydra-hunters.
   It affects your intelligence (+4).
   It protects you from negative energy.
Armour
 f - a +0 pair of gloves of archery (worn)
 l - a +1 troll leather armour (worn)
 u - a +2 cloak of magic resistance (worn)
 w - a +2 helmet of fire resistance
 y - a +0 helmet of intelligence (worn)
 A - a +0 buckler of poison resistance (worn)
 Y - a +1 pair of boots (worn)
Magical devices
 k - a wand of disintegration (14)
 B - a wand of teleportation (7)
Comestibles
 n - 4 bread rations
 s - 4 meat rations
Scrolls
 a - 2 scrolls of recharging
 i - a scroll of identify
 j - 3 scrolls of amnesia
 m - 7 scrolls of remove curse
 p - a scroll of blinking
 q - 3 scrolls of magic mapping
 v - a scroll of teleportation
Jewellery
 h - an uncursed ring of stealth
 r - the ring of Fateox (left hand) {Fire Int+3}
   (You bought it in a shop on level 3 of the Orcish Mines)

   [ring of fire]

   It enhances your fire magic, and weakens your ice magic.
   It affects your intelligence (+3).
   It protects you from fire.
   It makes you vulnerable to cold.
 C - an uncursed ring of protection from fire
 G - an amulet of the gourmand (around neck)
 M - a ring of wizardry (right hand)
 Z - an uncursed amulet of resist corrosion
Potions
 c - 2 potions of brilliance
 d - 3 potions of curing
 g - 2 potions of heal wounds
 t - 4 potions of magic
 H - a potion of restore abilities
 P - a potion of cure mutation
 S - 2 potions of haste
 U - a potion of resistance
 V - 3 potions of lignification
Books
 b - a book of Air

   Spells                             Type                      Level
   *Shock                             Conjuration/Air              1
   *Swiftness                         Charms/Air                   2
   *Repel Missiles                    Charms/Air                   2
   *Flight                            Charms/Air                   3
   *Static Discharge                  Conjuration/Air              3
   *Lightning Bolt                    Conjuration/Air              5
 o - a book of Air

   Spells                             Type                      Level
   *Shock                             Conjuration/Air              1
   *Swiftness                         Charms/Air                   2
   *Repel Missiles                    Charms/Air                   2
   *Flight                            Charms/Air                   3
   *Static Discharge                  Conjuration/Air              3
   *Lightning Bolt                    Conjuration/Air              5
 z - a book of the Warp

   Spells                             Type                      Level
   *Control Teleport                  Charms/Translocation         4
   Phase Shift                        Translocation                5
   Warp Weapon                        Charms/Translocation         5
   Dispersal                          Translocation                6
   *Controlled Blink                  Translocation                7
   Disjunction                        Translocation                8
 E - a Necronomicon {highlevel}

   This book is beyond your current level of understanding.

   Spells                             Type                      Level
   Haunt                              Necromancy/Summoning         7
   Borgnjor's Revivification          Necromancy                   8
   Death's Door                       Charms/Necromancy            8
   Necromutation                      Transmutation/Necromancy     8
Magical staves
 N - an uncursed staff of wizardry


   Skills:
 - Level 2.1 Dodging
 - Level 2.1 Stealth
 * Level 1.0 Shields
 + Level 14.7 Spellcasting
 - Level 3.0 Conjurations
 * Level 2.4 Translocations
 + Level 21.8 Air Magic


You had 2 spell levels left.
You knew the following spells:

 Your Spells              Type           Power        Failure   Level  Hunger
a - Shock                 Conj/Air       ####         0%          1    None
b - Lightning Bolt        Conj/Air       #######...   1%          5    None
c - Repel Missiles        Chrm/Air       ######       1%          2    None
d - Swiftness             Chrm/Air       #######.     1%          2    None
e - Static Discharge      Conj/Air       #######.     1%          3    None
f - Conjure Flame         Conj/Fire      ######..     1%          3    None
g - Flight                Chrm/Air       #######...   1%          3    None
h - Sticky Flame          Conj/Fire      ######..     2%          4    None
i - Freezing Cloud        Conj/Ice/Air   #####.....   2%          6    ##.....
j - Control Teleport      Chrm/Tloc      ####......   9%          4    None
k - Controlled Blink      Tloc           N/A          100%        7    ####...


Dungeon Overview and Level Annotations

Branches:
Dungeon (13/15)            Temple (1/1) D:4             Orc (4/4) D:12
    Elf (0/3) Orc:3          Lair (8/8) D:8           Swamp (0/5) Lair:6
  Snake (0/5) Lair:5        Slime (0/6) Lair:7
 Vaults: D:13-14

Altars:
Ashenzari
Cheibriados
Dithmenos
Elyvilon
Gozag
Kikubaaqudgha
Makhleb
Nemelex Xobeh
Okawaru
Sif Muna
Trog
Vehumet
Xom
Yredelemnul
Zin
The Shining One
Beogh

Shops:
D:6 (   D:8 *   Orc:1 ?   Orc:3 *   Orc:4 [

Portals:
Ice
Cave: Orc:4

Annotations:
D:3 Terence


Innate Abilities, Weirdness & Mutations

You are covered in fur (AC +1).


Message History

Aim: a sun demon (heavily wounded, summoned)
You hear a mighty clap of thunder!
The bolt of lightning hits the sun demon.
The sun demon resists.
The sun demon is severely wounded.
The bolt of lightning hits the orange demon.
The orange demon is almost dead.
The bolt of lightning misses the orc high priest.
The bolt of lightning hits the orc warlord.
The orc warlord is lightly wounded.
The orc wizard hits you but does no damage.
The sun demon hits you!
You are engulfed in flames!
You resist.
* * * LOW HITPOINT WARNING * * *
The orc barely misses you. The orc wizard closely misses you.
The orange demon is engulfed in freezing vapours.
You kill the orange demon!
The sun demon hits you!
* * * LOW HITPOINT WARNING * * *
You are engulfed in flames!
You resist.
You die...

#...............#.............
####............................
##.#..........................#.
#..........................#.....
##..............)..........# ...
#..............................
#.............##..).o..#........
#................o..§§§..........
#...............@3§§§§oo..$∩....
##..............oo..§§§........
#......................4......
##.....................#...
#........................
##.......)).............
#.....#.))............#
#.....#))............
##...))...........$..


You could see an orc warlord, an orc high priest (frenzied), a sun demon, an
iron devil, 2 orc wizards and 2 orcs.

Vanquished Creatures
  A fire dragon (Lair:8)
  4 hydras
  2 death yaks (Lair:8)
  Urug (Orc:3)
  The ghost of ilii the Slicer, an experienced SpEn of Gozag (D:10)
  An orc knight (Orc:4)
  An orc sorcerer (Orc:4)
  A cyclops (D:12)
  8 elephants (Lair:8)
  A black mamba (Lair:8)
  11 spiny frogs
  An orange demon (Orc:4)
  A kobold demonologist (D:11)
  11 komodo dragons
  A red devil (Orc:4)
  9 fire drakes
  A polar bear (Lair:5)
  Sonja (D:13)
  2 trolls
  7 blink frogs
  2 slime creatures (Lair:7)
  25 yaks
  3 basilisks
  6 ugly things (D:11)
  A spriggan (D:8)
  A wyvern (Lair:8)
  2 hungry ghosts
  2 elephant slugs (Lair:5)
  11 wolves
  2 fire bats (Volcano)
  6 hippogriffs
  2 wargs
  A deep elf fighter (Volcano)
  Edmund (D:6)
  2 steam dragons
  A phantom (D:6)
  9 water moccasins
  6 porcupines
  9 ice beasts
  2 mottled dragons (Lair:8)
  A tengu skeleton (D:11)
  2 black bears
  14 orc warriors
  2 swamp drakes (Lair:8)
  2 manticore zombies
  2 necrophages
  4 centaurs
  11 crocodiles
  6 ogres
  A boring beetle (Lair:6)
  5 giant slugs
  13 giant frogs
  A cyclops skeleton (D:11)
  10 wights
  A killer bee (D:13)
  A quasit (D:6)
  2 goliath beetles
  A basilisk zombie (D:11)
  2 big fish (Lair:6)
  4 crimson imps
  A giant frog skeleton (D:11)
  14 orc wizards
  10 iguanas
  12 orc priests
  5 hounds
  3 jellies
  A centaur skeleton (D:9)
  5 worker ants
  A sky beast zombie (D:12)
  11 sheep
  A hound zombie (D:11)
  24 adders
  22 gnolls
  3 shadow imps
  A worm zombie (D:5)
  16 giant mites
  26 green rats
  An orc skeleton (D:7)
  A worm (D:10)
  16 giant geckos
  87 orcs
  13 ball pythons
  14 giant cockroaches
  13 hobgoblins
  13 jackals
  14 kobolds
  8 bats
  8 giant newts
  8 goblins
  5 quokkas
  22 rats
  4 fungi
  5 plants
633 creatures vanquished.

Vanquished Creatures (others)
  A two-headed ogre (Volcano)
  A bat (Lair:6)
  A giant spore (D:9)
  8 fungi
  8 plants
19 creatures vanquished.

Grand Total: 652 creatures vanquished

Notes
Turn   | Place    | Note
--------------------------------------------------------------
     0 | D:1      | 4tharraofdagon, the High Elf Air Elementalist, began the quest for the Orb.
     0 | D:1      | Reached XP level 1. HP: 11/11 MP: 4/4
    77 | D:2      | Found a shadowy altar of Dithmenos.
   128 | D:2      | Reached skill level 4 in Air Magic
   205 | D:2      | Reached XP level 2. HP: 10/17 MP: 6/6
   278 | D:3      | Noticed Terence
   307 | D:4      | Found a staircase to the Ecumenical Temple.
   341 | Temple   | Entered the Ecumenical Temple
   509 | Temple   | Became a worshipper of Vehumet
   510 | Temple   | BACK TO THE PRIMITIVE
   622 | D:4      | Found a burning altar of Makhleb.
   643 | D:4      | Reached skill level 5 in Air Magic
   643 | D:4      | Reached XP level 3. HP: 14/21 MP: 1/10
   747 | D:3      | Reached XP level 4. HP: 14/27 MP: 6/12
   841 | D:4      | Found a glowing drain.
   860 | Sewer    | Entered a sewer
   922 | Sewer    | Acquired Vehumet's first power
   922 | Sewer    | Offered knowledge of Sandblast by Vehumet.
   968 | Sewer    | Reached skill level 6 in Air Magic
   973 | Sewer    | Reached XP level 5. HP: 19/31 MP: 8/15
   984 | Sewer    | Learned a level 5 spell: Lightning Bolt
   987 | Sewer    | Learned a level 2 spell: Repel Missiles
   990 | Sewer    | Learned a level 2 spell: Swiftness
  1262 | Sewer    | Offered knowledge of Magic Dart by Vehumet.
  1336 | Sewer    | Reached XP level 6. HP: 25/36 MP: 11/18
  1341 | Sewer    | Learned a level 3 spell: Static Discharge
  1535 | Sewer    | Noticed a giant frog
  1540 | Sewer    | Killed a giant frog
  1540 | Sewer    | Reached skill level 7 in Air Magic
  1544 | Sewer    | Noticed a giant frog
  1553 | Sewer    | Killed a giant frog
  1594 | D:4      | Reached XP level 7. HP: 27/41 MP: 12/21
  1596 | D:4      | Reached skill level 5 in Spellcasting
  1610 | D:4      | Offered knowledge of Conjure Flame by Vehumet.
  1618 | D:4      | Learned a level 3 spell: Conjure Flame
  1707 | D:5      | Entered Level 5 of the Dungeon
  1821 | D:5      | Acquired Vehumet's second power
  1821 | D:5      | Reached skill level 8 in Air Magic
  1983 | D:6      | Found Vali Mies' Weapon Shop.
  2120 | D:7      | Reached skill level 9 in Air Magic
  2147 | D:6      | Reached XP level 8. HP: 46/46 MP: 9/24
  2282 | D:6      | Noticed Edmund
  2286 | D:6      | Killed Edmund
  2286 | D:6      | Reached skill level 10 in Air Magic
  2637 | D:8      | Found an opulent altar of Gozag.
  2648 | D:8      | Offered knowledge of Iskenderun's Mystic Blast by Vehumet.
  2655 | D:8      | Found Iggelef's Assorted Antiques.
  2788 | D:8      | Reached skill level 11 in Air Magic
  2845 | D:8      | Reached XP level 9. HP: 33/51 MP: 5/27
  2856 | D:8      | Bought a fuming red potion for 24 gold pieces
  2856 | D:8      | Bought a blackened platinum amulet for 135 gold pieces
  2856 | D:8      | Bought a scroll labeled ZELEAMITHU for 27 gold pieces
  2856 | D:8      | Bought a purple potion for 24 gold pieces
  2859 | D:8      | yum
  3095 | D:8      | Acquired Vehumet's third power
  3098 | D:8      | Reached skill level 12 in Air Magic
  3176 | D:8      | Offered knowledge of Bolt of Draining by Vehumet.
  3259 | D:8      | Found a staircase to the Lair.
  3439 | Lair:1   | Entered Level 1 of the Lair of Beasts
  3568 | Lair:2   | Noticed a komodo dragon
  3573 | Lair:2   | Noticed a fire drake
  3645 | Lair:2   | Killed a fire drake
  3671 | Lair:2   | Killed a komodo dragon
  3671 | Lair:2   | Reached skill level 13 in Air Magic
  3740 | Lair:2   | Noticed a komodo dragon
  3742 | Lair:2   | Noticed a seven-headed hydra
  3747 | Lair:2   | Killed a komodo dragon
  3751 | Lair:2   | Killed a seven-headed hydra
  3751 | Lair:2   | Reached XP level 10. HP: 35/56 MP: 5/30
  3831 | Lair:1   | Noticed a spiny frog
  3838 | Lair:1   | Killed a spiny frog
  3838 | Lair:1   | Reached skill level 14 in Air Magic
  4130 | Lair:3   | Found a dark tunnel.
  4137 | Lair:3   | Learned a level 3 spell: Flight
  4144 | Volcano  | Entered a volcano
  4161 | Volcano  | Reached skill level 10 in Spellcasting
  4366 | Lair:3   | Reached skill level 15 in Air Magic
  4371 | Lair:3   | Noticed a catoblepas
  4491 | Lair:3   | Offered knowledge of Sticky Flame by Vehumet.
  4509 | Lair:3   | Learned a level 4 spell: Sticky Flame
  4674 | Lair:4   | Reached XP level 11. HP: 53/61 MP: 15/32
  5063 | Lair:5   | Reached skill level 16 in Air Magic
  5303 | Lair:5   | Found a staircase to the Snake Pit.
  5496 | Lair:8   | Entered Level 8 of the Lair of Beasts
  5583 | Lair:7   | Found a staircase to the Slime Pits.
  5757 | Lair:7   | Reached skill level 17 in Air Magic
  6245 | Lair:8   | Noticed an eight-headed hydra
  6483 | Lair:8   | Reached XP level 12. HP: 66/66 MP: 3/34
  6668 | Lair:8   | Reached skill level 18 in Air Magic
  7250 | Lair:8   | Offered knowledge of Freezing Cloud by Vehumet.
  7311 | Lair:8   | Learned a level 6 spell: Freezing Cloud
  7340 | Lair:8   | Noticed an eight-headed hydra
  7342 | Lair:8   | Noticed a death yak
  7342 | Lair:8   | Noticed a death yak
  7345 | Lair:8   | Killed an eight-headed hydra
  7345 | Lair:8   | Killed a death yak
  7345 | Lair:8   | Killed a death yak
  7345 | Lair:8   | Reached skill level 19 in Air Magic
  7396 | Lair:8   | Noticed an eight-headed hydra
  7405 | Lair:8   | Killed an eight-headed hydra
  7664 | Lair:8   | Noticed a fire dragon
  7810 | Lair:8   | Killed a fire dragon
  7888 | Lair:8   | Got an ancient cutlass
  7962 | Lair:7   | Identified the cursed -2,+3 cutlass of the Final Decision {flame, rN+ Int+4} (You found it on level 8 of the Lair of Beasts)
  8001 | Lair:6   | Reached XP level 13. HP: 46/71 MP: 28/36
  8021 | Lair:6   | Found a staircase to the Swamp.
  8367 | Lair:4   | Reached skill level 20 in Air Magic
  8999 | D:9      | Found a flagged portal.
  9015 | Bailey   | Entered a bailey
  9158 | Bailey   | Reached skill level 21 in Air Magic
  9158 | Bailey   | Reached XP level 14. HP: 73/76 MP: 20/37
  9160 | Bailey   | Gained mutation: You are covered in fur (AC +1). [potion of beneficial mutation]
  9200 | D:10     | Entered Level 10 of the Dungeon
  9320 | D:10     | Noticed ilii's ghost (experienced SpEn)
  9332 | D:10     | Killed ilii's ghost
  9524 | D:11     | Offered knowledge of Ozocubu's Refrigeration by Vehumet.
  9599 | D:13     | Noticed Sonja
  9607 | D:13     | Killed Sonja
 10014 | D:12     | Found a staircase to the Orcish Mines.
 10088 | Orc:1    | Entered Level 1 of the Orcish Mines
 10097 | Orc:1    | Offered knowledge of Poisonous Cloud by Vehumet.
 10101 | Orc:1    | Found a roughly hewn altar of Beogh.
 10125 | Orc:1    | Found Acotimev's Magic Scroll Shop.
 10136 | Orc:1    | Bought a scroll of acquirement for 676 gold pieces
 10141 | Orc:1    | Bought a scroll of magic mapping for 45 gold pieces
 10141 | Orc:1    | Bought a scroll of enchant armour for 97 gold pieces
 10141 | Orc:1    | Bought a scroll of magic mapping for 45 gold pieces
 10141 | Orc:1    | Bought a scroll of magic mapping for 45 gold pieces
 10141 | Orc:1    | Bought a scroll of teleportation for 39 gold pieces
 10259 | Orc:3    | Found a staircase to the Elven Halls.
 10298 | Orc:3    | Found a white marble altar of Elyvilon.
 10365 | Orc:3    | Noticed Urug
 10372 | Orc:3    | Killed Urug
 10388 | Orc:3    | Found Buyrecvu's Assorted Antiques.
 10403 | Orc:3    | Bought a wavering turquoise ring for 120 gold pieces
 10403 | Orc:3    | Bought a knobbly smoking staff for 288 gold pieces
 10403 | Orc:3    | Bought a metal-bound book for 360 gold pieces
 10412 | Orc:3    | Learned a level 4 spell: Control Teleport
 10414 | Orc:3    | Identified the ring of Fateox {Fire Int+3} (You bought it in a shop on level 3 of the Orcish Mines)
 10509 | Orc:3    | Learned a level 7 spell: Controlled Blink
 10510 | Orc:4    | Entered Level 4 of the Orcish Mines
 10564 | Orc:4    | Found Styusef's Antique Armour Emporium.
 10575 | Orc:4    | Reached skill level 1 in Translocations
 10597 | Orc:4    | Bought an embroidered cloak for 139 gold pieces
 10597 | Orc:4    | Bought a runed helmet for 139 gold pieces
 10597 | Orc:4    | Bought a shiny buckler for 139 gold pieces
 10649 | Orc:4    | Found a frozen archway.
 10679 | Orc:4    | Reached skill level 1 in Shields
 10696 | Orc:4    | Noticed an orc warlord
 10697 | Orc:4    | Slain by a sun demon

Action                   |  1- 3 |  4- 6 |  7- 9 | 10-12 | 13-15 || total
-------------------------+-------+-------+-------+-------+-------++-------
Melee: Dagger            |    50 |    65 |    47 |    25 |       ||   187
       Unarmed           |     7 |       |       |       |       ||     7
       Flail             |       |       |    13 |       |       ||    13
       Staff             |       |       |       |    85 |       ||    85
       Cutlass           |       |       |       |       |   109 ||   109
 Cast: Shock             |    19 |   119 |   218 |   144 |    47 ||   547
       Repel Missiles    |       |     1 |       |       |       ||     1
       Static Discharge  |       |     2 |     3 |    32 |    26 ||    63
       Conjure Flame     |       |       |    15 |    34 |    12 ||    61
       Lightning Bolt    |       |       |    20 |   103 |    70 ||   193
       Swiftness         |       |       |     1 |     3 |       ||     4
       Sticky Flame      |       |       |       |    47 |    48 ||    95
       Flight            |       |       |       |     2 |     1 ||     3
       Freezing Cloud    |       |       |       |     8 |     5 ||    13
Evoke: Wand              |       |       |     3 |     6 |     3 ||    12
  Use: Potion            |     1 |     5 |     1 |     8 |     3 ||    18
       Scroll            |     5 |       |     8 |    20 |    12 ||    45
 Stab: Sleeping          |     2 |     2 |       |     1 |     1 ||     6

Vault maps used:
D:1:      onia_arrival_pentagram
D:2:      old_standard_altar, minmay_misc_feat_five
D:3:      kennysheep_cross_bottleneck, uniq_terence
D:4:      minmay_temple_entry_statues, portal_sewer_entry_b, bloody_makhleb
D:5:      grunt_temple_overflow_forces_of_nature, first_bread, minivault_25
D:6:      serial_shops, shop, uniq_edmund
D:8:      grunt_gozag_statues, due_lair_maze_entry_diamond, serial_shops,
          nicolae_shop_overgrown_old_shop, the_bakery
D:9:      enter_bailey_7, minmay_hedge_maze, minivault_22
D:10:     serial_shops, nicolae_shop_crystal
D:12:     orc_0_dummy, uniq_gastronok, uniq_grum
D:13:     kennysheep_generic_room_15, uniq_sonja
Temple:   minmay_temple_curvy_14
Orc:1:    basic_altar, serial_shops, shop, uniq_blork_the_orc
Orc:2:    serial_shops, shop, lightli_orcish_oven
Orc:3:    basic_altar, serial_shops, nicolae_shop_stone,
          nicolae_orc_pool_cavern, uniq_urug
Orc:4:    portal_ice_cave_entry_ice_beasts, grunt_orc_gardens, grunt_orc_garden,
          grunt_orc_garden, grunt_orc_garden, grunt_orc_garden
Lair:2:   bobbens_dragon_lair_wall
Lair:3:   nicolae_volcano_entry_lava_flow
Lair:4:   minivault_24, grunt_forest_small_clearing_treed, lemuel_fruit_tree,
          bh_autumn_forest_stairs
Lair:5:   guppyfry_snake_entry_garden
Lair:6:   swamp_mist_pool, lemuel_strawberry_fields, uniq_fannar
Lair:7:   slime_altar_2, serial_bayou_lagoon_a, infiniplex_staircase_pool_2
Lair:8:   hangedman_lair_in_review, guppyfry_lair_end_dragon,
          eino_small_chamber_without_monster
Sewer:    sewer_frog_island_02
Bailey:   bailey_axe_2, bailey
Volcano:  volcano_village
